 Dungeon Crawl Stone Soup version 0.23.1 (webtiles) character file.

Game seed: 4473011281873028578

1488 Acheron the Caller (level 8, 0/39 HPs)
             Began as a Vine Stalker Summoner on Mar 18, 2019.
             Was a Follower of Okawaru.
             Slain by a wolf (4 damage)
             ... led by Grum
             ... on level 8 of the Dungeon.
             The game lasted 00:50:50 (6304 turns).

Acheron the Caller (Vine Stalker Summoner)          Turns: 6304, Time: 00:50:50

Health: 0/39       AC:  9    Str: 12    XL:     8   Next: 80%
Magic:  0/15       EV: 10    Int: 19    God:    Okawaru [*.....]
Gold:   331        SH:  0    Dex: 15    Spells: 6/16 levels left

rFire    . . .     SeeInvis .   w - +2 war axe (chop)
rCold    + . .     Gourm    .   (no shield)
rNeg     . . .     Faith    .   g - +0 scale mail
rPois    .         Spirit   +   E - +1 hat {Int+3}
rElec    .         Reflect  .   j - +0 cloak
rCorr    .         Harm     .   (no gloves)
MR       +....     Rnd*Tele +   y - +0 pair of boots
Stlth    ++........             (no amulet)
HPRegen  0.53/turn              b - ring of protection from cold
MPRegen  0.14/turn              (no ring)

@: very slightly contaminated, hasted, very quick
A: fangs 3, talons 1, blurry vision 2, regeneration 1, teleportitis 1, magic
shield, antimagic bite, no potion heal 3, rot immunity
a: Heroism, Renounce Religion


You were on level 8 of the Dungeon.
You worshipped Okawaru.
Okawaru was aware of your devotion.
You were not hungry.

You visited 2 branches of the dungeon, and saw 11 of its levels.

You collected 331 gold pieces.

Inventory:

Hand Weapons
 e - a +0 mace
 f - a +1 short sword
 w - a +2 war axe of chopping (weapon)
Missiles
 i - 199 stones (quivered)
 k - 36 sling bullets
 l - 33 poisoned needles
Armour
 a - a +1 robe
 g - a +0 scale mail (worn)
 j - a +0 cloak (worn)
 q - a +2 robe of positive energy
 v - a +0 large shield
 y - a +0 pair of boots (worn)
 E - a +1 hat of intelligence (worn)
Jewellery
 b - a ring of protection from cold (left hand)
 D - an uncursed ring of magical power
Wands
 C - a wand of paralysis (2)
Scrolls
 n - a scroll of magic mapping
 o - 5 scrolls of remove curse
 r - a scroll of immolation
 u - a scroll of amnesia
 z - 3 scrolls of teleportation
Potions
 h - a potion of curing {unknown}
 m - a potion of haste
 s - a potion of magic
 A - 2 potions of lignification
 B - a potion of flight {unknown}
Miscellaneous
 p - a sack of spiders
Comestibles
 c - 10 rations


   Skills:
 * Level 2.5 Fighting
 + Level 2.0 Short Blades
 * Level 4.1 Axes
 * Level 2.1 Armour
 * Level 3.0 Dodging
 * Level 4.9 Stealth
 * Level 1.0 Shields
 * Level 4.6 Spellcasting
 * Level 5.5 Summonings
 * Level 2.1 Ice Magic
 * Level 1.0 Evocations


You had 6 spell levels left.
You knew the following spells:

 Your Spells              Type           Power        Failure   Level  Hunger
a - Summon Small Mammal   Summ           ####         7%          1    None
b - Call Imp              Summ           ####....     11%         2    #......
c - Call Canine Familiar  Summ           ####....     21%         3    ###....
i - Summon Ice Beast      Ice/Summ       ###.....     80%         4    ####...

Your spell library contained the following spells:

 Spells                   Type           Power        Failure   Level  Hunger
 Summon Guardian Golem    Hex/Summ       ##......     54%         3    ###....
 Summon Lightning Spire   Summ/Air       ##......     91%         4    ####...


Dungeon Overview and Level Annotations

Branches:
Dungeon (10/15)            Temple (1/1) D:6
   Lair: D:8-11         Orc: D:9-12

Altars:
Cheibriados
Dithmenos
Elyvilon
Fedhas
Hepliaklqana
Kikubaaqudgha
Makhleb
Nemelex Xobeh
Okawaru
Qazlal
Sif Muna
Trog
Uskayaw
Vehumet
Wu Jian
Xom
Zin
The Shining One

Shops:
D:6 (

Annotations:
D:2 exclusion: downstairs
D:3 3 runed translucent doors, 1994's ghost, amateur OgBe
D:4 Pikel
D:6 Sigmund
D:7 exclusion: upstairs
D:8 Grum; Maurice; Prince Ribbit


Innate Abilities, Weirdness & Mutations

You have razor-sharp teeth.
Your natural rate of healing is unusually fast.
When hurt, damage is shared between your health and your magic reserves.
Your bite disrupts and absorbs the magic of your enemies.
Potions cannot restore your health.
You are immune to rotting.
You have sharp toenails.
Scrolls take you longer to read.
You are occasionally teleported next to monsters.


Message History

The wolf closely misses you.
Your hound barely misses the wolf.
The wolf bites you. Something hits your white imp!!
Your white imp dies!
Your hound barely misses the wolf.
Casting: Call Imp (safe; 11% risk of failure)
Confirm with . or Enter, or press ? or * to list all spells.
You don't have enough magic to cast that spell.
You barely miss the wolf.
The wolf is lightly wounded.
The wolf misses you.
Your hound bites the wolf.
The wolf bites you.
Your hound bites the wolf.
You hit the wolf.
The wolf is severely wounded.
The wolf bites you.
* * * LOW HITPOINT WARNING * * *
Your hound misses the wolf. The wolf bites you!
* * * LOW HITPOINT WARNING * * *
Grum misses your hound.
You feel yourself speed up. The wolf bites you.
You die...

#..............
#.....#.###.[........
#.....#.###..........
####.....#...#.........#
.............+.........+
##...........#.........#
...........# #.........#
...........# #.......###
#@...# #..........
##h#.# #..........
#####h#.# #..........
###...†g#.###.......###
........#...........#
........#.....###'###
........+.....+.... .+
....###.#.....#.#.# .#
....###.........#.#..#


You could see Grum, a wolf and a friendly hound.

Vanquished Creatures
  Duvessa (D:6)
  2 phantoms
  A slave (D:2)
  An ogre (D:5)
  2 centaurs
  4 bullfrogs
  A scorpion (D:9)
  3 howler monkeys (D:9)
  A bullfrog skeleton (D:5)
  An orc wizard (D:3)
  3 jellies
  3 worker ants
  2 hound zombies
  A hound skeleton (D:7)
  4 adders
  A shadow imp (D:5)
  2 oozes
  2 worms (D:2)
  2 dart slugs
  3 leopard geckos
  5 orcs
  3 bats
  3 giant cockroaches
  2 goblins
  2 hobgoblins (D:1)
  2 jackals (D:8)
  4 quokkas
  A ball python (D:1)
  2 frilled lizards (D:1)
  5 kobolds
  A quokka skeleton (D:6)
  A quokka zombie (D:5)
  11 rats
82 creatures vanquished.

Vanquished Creatures (collateral kills)
  A wolf (D:8)
  2 ogres (D:7)
  Dowan (D:6)
  An orc priest (D:3)
  A worker ant (D:8)
  6 orcs
  A bat (D:3)
  A goblin (D:1)
  A hobgoblin (D:2)
  A kobold (D:1)
16 creatures vanquished.

Vanquished Creatures (others)
  An orc (D:7)
1 creature vanquished.

Grand Total: 99 creatures vanquished

Notes
Turn   | Place    | Note
-------+----------+-------------------------------------------
     0 | D:1      | Acheron the Vine Stalker Summoner began the quest for the
                  | Orb.
     0 | D:1      | Reached XP level 1. HP: 9/9 MP: 4/4
   128 | D:1      | Reached XP level 2. HP: 13/13 MP: 3/6
   132 | D:1      | Learned a level 2 spell: Call Imp
   504 | D:2      | Found a faded altar of an unknown god.
   957 | D:1      | Reached XP level 3. HP: 15/17 MP: 7/7
  1643 | D:2      | Learned a level 3 spell: Call Canine Familiar
  2270 | D:5      | Entered Level 5 of the Dungeon
  2289 | D:4      | Gained mutation: Scrolls take you a little longer to read.
                  | [potion of mutation]
  2289 | D:4      | Gained mutation: Scrolls take you longer to read. [potion
                  | of mutation]
  2289 | D:4      | Gained mutation: You are occasionally teleported next to
                  | monsters. [potion of mutation]
  2289 | D:4      | Gained mutation: You have sharp toenails. [potion of
                  | mutation]
  2291 | D:4      | Reached skill level 1 in Short Blades
  2291 | D:4      | Gained mutation: Your natural rate of healing is unusually
                  | fast. [Vine Stalker growth]
  2291 | D:4      | Reached XP level 4. HP: 4/21 MP: 4/8
  2297 | D:4      | Noticed Pikel
  2297 | D:4      | Noticed a slave
  2297 | D:4      | Noticed a slave
  2297 | D:4      | Noticed a slave
  2297 | D:4      | Noticed a slave
  2395 | D:3      | Reached skill level 1 in Fighting
  2408 | D:3      | Found a runed translucent gate.
  2408 | D:3      | Found a runed translucent gate.
  2408 | D:3      | Found a runed translucent gate.
  2408 | D:3      | Noticed 1994's ghost (amateur OgBe)
  2843 | D:3      | Reached XP level 5. HP: 21/25 MP: 2/10
  3326 | D:2      | Killed a slave
  3485 | D:4      | Noticed an ogre
  3823 | D:5      | Learned a level 4 spell: Summon Ice Beast
  3847 | D:5      | Noticed an ogre
  3850 | D:5      | Reached XP level 6. HP: 30/30 MP: 12/12
  3853 | D:5      | Reached skill level 1 in Axes
  3895 | D:6      | Noticed Duvessa
  3983 | D:9      | Found a glowing silver altar of Zin.
  3997 | D:9      | Noticed a yak
  3997 | D:9      | Noticed a yak
  4053 | D:10     | Entered Level 10 of the Dungeon
  4137 | D:9      | Noticed a cyclops
  4148 | D:9      | Noticed an orc warrior
  4160 | D:9      | Noticed a phantom
  4180 | D:9      | Killed a phantom
  4259 | D:9      | Reached XP level 7. HP: 33/33 MP: 13/13
  4315 | D:9      | Reached skill level 1 in Armour
  4315 | D:9      | Reached skill level 5 in Summonings
  4321 | D:9      | Reached skill level 1 in Ice Magic
  4557 | D:7      | Found a shimmering altar of Xom.
  4557 | D:7      | Found a shadowy altar of Dithmenos.
  4671 | D:7      | Gained mutation: You have razor-sharp teeth. [Vine Stalker
                  | growth]
  4671 | D:7      | Reached XP level 8. HP: 17/39 MP: 4/15
  4758 | D:7      | Found a sparkling altar of Nemelex Xobeh.
  4998 | D:6      | Found Urima's Antique Weapon Boutique.
  5120 | D:6      | Noticed Dowan
  5126 | D:6      | Paralysed by Duvessa for 6 turns
  5138 | D:6      | Killed Duvessa
  5163 | D:6      | Killed Dowan
  5263 | D:6      | Found a stormy altar of Qazlal.
  5263 | D:6      | Found a blossoming altar of Fedhas.
  5350 | D:6      | Found a staircase to the Ecumenical Temple.
  5361 | Temple   | Entered the Ecumenical Temple
  5449 | Temple   | Became a worshipper of Warmaster Okawaru
  5593 | D:6      | Noticed Sigmund
  5613 | D:6      | Found a white marble altar of Elyvilon.
  5908 | D:7      | Reached skill level 1 in Shields
  6167 | D:8      | Noticed Prince Ribbit
  6188 | D:8      | Found a glowing golden altar of the Shining One.
  6216 | D:8      | Noticed Maurice
  6290 | D:8      | Noticed Grum
  6298 | D:8      | Reached * piety under Okawaru
  6298 | D:8      | Reached skill level 1 in Evocations
  6304 | D:8      | Slain by a wolf

Skill      XL: |  1  2  3  4  5  6  7  8 |
---------------+-------------------------+-----
Stealth        | 3 4 |  4.9
Short Blades   | 1 2 |  2.0
Fighting       | 1 2 |  2.5
Dodging        | 2 3 |  3.0
Spellcasting   | 3 4 |  4.6
Axes           | 1 3 4 |  4.1
Armour         | 1 2 |  2.1
Summonings     | 5 |  5.5
Ice Magic      | 1 2 |  2.1
Shields        | 1 |  1.0
Evocations     | 1 |  1.0

Action                   |  1- 3 |  4- 6 |  7- 9 || total
-------------------------+-------+-------+-------++-------
Melee: Unarmed           |     8 |       |       ||     8
       Bite              |    29 |    17 |    21 ||    67
       Short sword       |    88 |    34 |       ||   122
       Kick              |       |    16 |    13 ||    29
       War axe           |       |    37 |    90 ||   127
 Cast: Summon Small Mamm |    18 |       |       ||    18
       Call Imp          |     6 |    14 |    23 ||    43
       Call Canine Famil |       |       |     6 ||     6
  Use: Scroll            |     8 |     3 |     3 ||    14
       Potion            |     3 |     3 |     3 ||     9
 Stab: Sleeping          |     4 |     3 |     1 ||     8
       Distracted        |     1 |     1 |     1 ||     3
  Eat: Chunk             |     4 |     4 |     5 ||    13
       Ration            |       |     1 |     1 ||     2
Armor: Robe              |    18 |    12 |       ||    30
       Ring mail         |       |    17 |    12 ||    29
       Scale mail        |       |       |    20 ||    20
Dodge: Dodged            |    57 |    41 |    83 ||   181
